| TOP OF THE 1ST |
|
Albuquerque Isotopes batting - Pitching for Colorado Springs Sky Sox : RHP Curtis Gumbs
|
|
Pitching: RHP Curtis Gumbs
|
|
|
Batting: LHB Tony Morales
|
0-0: Ball 1-0: Ball 2-0: Foul Ball, location: 2F 2-1: Called Strike 2-2: Ball 3-2: Ground out 4-3 (Groundball, 4, EV 82.5 MPH)
|
|
Batting: SHB Pat Wilson
|
0-0: Foul Ball, location: 2F 0-1: Ball 1-1: Swinging Strike 1-2: Ball 2-2: Ground out 6-3 (Groundball, 6, EV 81.9 MPH)
|
|
Batting: LHB Katsunan Akimoto
|
0-0: Swinging Strike 0-1: Foul Ball, location: 2F 0-2: SINGLE (Groundball, 4D, EV 107.5 MPH)
|
|
Batting: LHB Tetsuya Oba
|
0-0: 2-RUN HOME RUN (Line Drive, 9D, EV 100.0 MPH), Distance : 384 ft
|
|
Batting: SHB Bradley Barrowcliff
|
0-0: Ball 1-0: Called Strike 1-1: Ball 2-1: Ground out 2-3 (Groundball, 2R, EV 64.4 MPH)
|
| Top of the 1st over - 2 runs, 2 hits, 0 errors, 0 left on base; Albuquerque 2 - Colorado Springs 0 |
| BOTTOM OF THE 1ST |
|
Colorado Springs Sky Sox batting - Pitching for Albuquerque Isotopes : LHP Drew Huckeba
|
|
Pitching: LHP Drew Huckeba
|
|
|
Batting: RHB Kennet Strijbis
|
0-0: Called Strike 0-1: Fly out, F9 (Flyball, 9S, EV 89.4 MPH)
|
|
Batting: RHB Orlando Fernandez
|
0-0: Ball 1-0: Swinging Strike 1-1: Foul Ball, location: 2F 1-2: Strikes out swinging
|
|
Batting: RHB John Michener
|
0-0: Ball 1-0: Swinging Strike 1-1: Fly out, F8 (Flyball, 8LD, EV 98.1 MPH)
|
| Bottom of the 1st over - 0 runs, 0 hits, 0 errors, 0 left on base; Albuquerque 2 - Colorado Springs 0 |
| TOP OF THE 2ND |
|
Albuquerque Isotopes batting - Pitching for Colorado Springs Sky Sox : RHP Curtis Gumbs
|
|
Batting: LHB Enrique Andrade
|
0-0: Ball 1-0: Foul Ball, location: 2F 1-1: Ball 2-1: Ball 3-1: Foul Ball, location: 2F 3-2: Fly out, F9 (Flyball, 9S, EV 87.5 MPH)
|
|
Batting: RHB Ron Johansen
|
0-0: Called Strike 0-1: Foul Ball, location: 2F 0-2: Ball 1-2: Foul Ball, location: 2F 1-2: Ground out 6-3 (Groundball, 6, EV 83.8 MPH)
|
|
Batting: RHB Jerry Castro
|
0-0: Ball 1-0: Foul Ball, location: 2F 1-1: Ball 2-1: Ball 3-1: Base on Balls
|
|
Batting: RHB Ben Alspach
|
0-0: Ball 1-0: Called Strike 1-1: Foul Ball, location: 2F 1-2: Ball Jerry Castro steals 2nd base 2-2: Ball 3-2: Strikes out swinging
|
| Top of the 2nd over - 0 runs, 0 hits, 0 errors, 1 left on base; Albuquerque 2 - Colorado Springs 0 |
| BOTTOM OF THE 2ND |
|
Colorado Springs Sky Sox batting - Pitching for Albuquerque Isotopes : LHP Drew Huckeba
|
|
Batting: LHB Koson Hirai
|
0-0: Ball 1-0: SINGLE (Line Drive, 8RS, EV 103.8 MPH)
|
|
Batting: RHB Fu-Kang Duan
|
0-0: Called Strike 0-1: Ball 1-1: Ball 2-1: Fielders Choice at 2nd, 1-6 (Groundball, 13S, EV 71.3 MPH)
|
|
Batting: RHB R.J. Anchondo
|
0-0: Ball Fu-Kang Duan steals 2nd base 1-0: Ball 2-0: 2-RUN HOME RUN (Flyball, 89XD, EV 113.1 MPH), Distance : 417 ft
|
|
Batting: LHB Dave Doughty
|
0-0: Ball 1-0: Called Strike 1-1: SINGLE (Groundball, 34S, EV 66.9 MPH) (infield hit)
|
|
Batting: RHB Dwane Reed
|
0-0: Foul Ball, location: 2F 0-1: Ball 1-1: Foul Ball, location: 2F 1-2: Ball 2-2: Strikes out looking
|
|
Batting: RHB Enrique Vazquez
|
0-0: Called Strike 0-1: Foul Ball, location: 2F 0-2: Hit by Pitch Dave Doughty to second
|
|
Batting: RHB Kennet Strijbis
|
0-0: Called Strike 0-1: Ball 1-1: Ball 2-1: Ball 3-1: Foul Ball, location: 2F 3-2: Fly out, F3 (Flyball, 3D, EV 86.9 MPH)
|
| Bottom of the 2nd over - 2 runs, 3 hits, 0 errors, 2 left on base; Albuquerque 2 - Colorado Springs 2 |
| TOP OF THE 3RD |
|
Albuquerque Isotopes batting - Pitching for Colorado Springs Sky Sox : RHP Curtis Gumbs
|
|
Batting: LHB Tony Morales
|
0-0: Ball 1-0: Foul Ball, location: 2F 1-1: Ball 2-1: Ball 3-1: Foul Ball, location: 2F 3-2: Base on Balls
|
|
Batting: SHB Pat Wilson
|
0-0: Ball 1-0: Ball 2-0: Swinging Strike 2-1: Ball 3-1: Swinging Strike 3-2: Foul Ball, location: 2F 3-2: Strikes out swinging
|
|
Batting: LHB Katsunan Akimoto
|
0-0: Ball 1-0: Ball Tony Morales steals 2nd base (no throw) 2-0: Foul Ball, location: 2F 2-1: Ball 3-1: Foul Ball, location: 2F 3-2: Fly out, F7 (Flyball, 7LS, EV 86.3 MPH)
|
|
Batting: LHB Tetsuya Oba
|
0-0: Ball 1-0: Ball 2-0: Called Strike 2-1: Called Strike 2-2: Strikes out swinging
|
| Top of the 3rd over - 0 runs, 0 hits, 0 errors, 1 left on base; Albuquerque 2 - Colorado Springs 2 |
| BOTTOM OF THE 3RD |
|
Colorado Springs Sky Sox batting - Pitching for Albuquerque Isotopes : LHP Drew Huckeba
|
|
Batting: RHB Orlando Fernandez
|
0-0: Called Strike 0-1: Ball 1-1: Ball 2-1: Foul Ball, location: 2F 2-2: Strikes out swinging
|
|
Batting: RHB John Michener
|
0-0: Called Strike 0-1: SINGLE (Line Drive, 6D, EV 104.4 MPH)
|
|
Batting: LHB Koson Hirai
|
0-0: Called Strike 0-1: Ball 1-1: Called Strike 1-2: Strikes out swinging
|
|
Batting: RHB Fu-Kang Duan
|
0-0: Ball 1-0: Called Strike 1-1: Ball John Michener steals 2nd base 2-1: Foul Ball, location: 2F 2-2: Ball 3-2: Foul Ball, location: 2F 3-2: Foul Ball, location: 2F 3-2: Fly out, F8 (Flyball, 8RXD, EV 110.0 MPH)
|
| Bottom of the 3rd over - 0 runs, 1 hit, 0 errors, 1 left on base; Albuquerque 2 - Colorado Springs 2 |
| TOP OF THE 4TH |
|
Albuquerque Isotopes batting - Pitching for Colorado Springs Sky Sox : RHP Curtis Gumbs
|
|
Batting: SHB Bradley Barrowcliff
|
0-0: Ball 1-0: Ground out 4-3 (Groundball, 4M, EV 91.3 MPH)
|
|
Batting: LHB Enrique Andrade
|
0-0: Foul Ball, location: 2F 0-1: Called Strike 0-2: Strikes out swinging, 2-3 out at first.
|
|
Batting: RHB Ron Johansen
|
0-0: Ball 1-0: SINGLE (Groundball, 6M, EV 89.4 MPH) (infield hit)
|
|
Batting: RHB Jerry Castro
|
0-0: Ball 1-0: Called Strike Ron Johansen steals 2nd base (no throw) 1-1: Fly out, F8 (Flyball, 8LM, EV 91.3 MPH)
|
| Top of the 4th over - 0 runs, 1 hit, 0 errors, 1 left on base; Albuquerque 2 - Colorado Springs 2 |
| BOTTOM OF THE 4TH |
|
Colorado Springs Sky Sox batting - Pitching for Albuquerque Isotopes : LHP Drew Huckeba
|
|
Batting: RHB R.J. Anchondo
|
0-0: DOUBLE (Line Drive, 7LS, EV 93.8 MPH)
|
|
Batting: LHB Dave Doughty
|
0-0: Ball 1-0: Foul Ball, location: 2F 1-1: Ball 2-1: Ball 3-1: Called Strike 3-2: Foul Ball, location: 2F 3-2: Fly out, F6 (Flyball, 6MD, EV 82.5 MPH)
|
|
Batting: RHB Dwane Reed
|
0-0: Foul Ball, location: 2F 0-1: Ground out 6-3 (Groundball, 56, EV 104.4 MPH)
|
|
Batting: RHB Enrique Vazquez
|
0-0: SINGLE (Groundball, 6MD, EV 98.1 MPH) R.J. Anchondo to third Runner from 3rd tries for Home, SAFE, throw by CF to home
|
|
Batting: RHB Kennet Strijbis
|
0-0: Foul Ball, location: 2F 0-1: Fielders Choice at 2nd, 6-4 (Groundball, 6, EV 82.5 MPH)
|
| Bottom of the 4th over - 1 run, 2 hits, 0 errors, 1 left on base; Albuquerque 2 - Colorado Springs 3 |
| TOP OF THE 5TH |
|
Albuquerque Isotopes batting - Pitching for Colorado Springs Sky Sox : RHP Curtis Gumbs
|
|
Batting: RHB Ben Alspach
|
0-0: Ball 1-0: Called Strike 1-1: Swinging Strike 1-2: Ball 2-2: Ground out 6-3 (Groundball, 6, EV 85.0 MPH)
|
|
Batting: LHB Tony Morales
|
0-0: Ball 1-0: Called Strike 1-1: Foul Ball, location: 2F 1-2: Ball 2-2: Foul Ball, location: 2F 2-2: Fly out, F3 (Popup, 3SF, EV 80.0 MPH)
|
|
Batting: SHB Pat Wilson
|
0-0: Ball 1-0: Called Strike 1-1: Swinging Strike 1-2: Foul Ball, location: 2F 1-2: Ball 2-2: Ground out 4-3 (Groundball, 34, EV 88.1 MPH)
|
| Top of the 5th over - 0 runs, 0 hits, 0 errors, 0 left on base; Albuquerque 2 - Colorado Springs 3 |
| BOTTOM OF THE 5TH |
|
Colorado Springs Sky Sox batting - Pitching for Albuquerque Isotopes : LHP Drew Huckeba
|
|
Batting: RHB Orlando Fernandez
|
0-0: Called Strike 0-1: Ball 1-1: Foul Ball, location: 2F 1-2: Fly out, F9 (Flyball, 89D, EV 97.5 MPH)
|
|
Batting: RHB John Michener
|
0-0: Foul Ball, location: 2F 0-1: Fly out, F7 (Flyball, 7, EV 95.0 MPH)
|
|
Batting: LHB Koson Hirai
|
0-0: Ball 1-0: Called Strike 1-1: Ground out 6-3 (Groundball, 6, EV 78.8 MPH)
|
| Bottom of the 5th over - 0 runs, 0 hits, 0 errors, 0 left on base; Albuquerque 2 - Colorado Springs 3 |
| TOP OF THE 6TH |
|
Albuquerque Isotopes batting - Pitching for Colorado Springs Sky Sox : RHP Curtis Gumbs
|
|
Pitching: RHP Dustin Deemer
|
|
|
Batting: LHB Katsunan Akimoto
|
0-0: Ball 1-0: Called Strike 1-1: Ball 2-1: Foul Ball, location: 2F 2-2: Ball 3-2: Ground out 4-3 (Groundball, 4, EV 81.3 MPH)
|
|
Batting: LHB Tetsuya Oba
|
0-0: Called Strike 0-1: Foul Ball, location: 2F 0-2: Ball 1-2: Ball 2-2: Foul Ball, location: 2F 2-2: Ball 3-2: Foul Ball, location: 2F 3-2: Foul Ball, location: 2F 3-2: SOLO HOME RUN (Flyball, 89XD, EV 101.3 MPH), Distance : 425 ft
|
|
Batting: SHB Bradley Barrowcliff
|
0-0: Ball 1-0: Called Strike 1-1: DOUBLE (Line Drive, 7LS, EV 106.9 MPH)
|
|
Batting: LHB Enrique Andrade
|
0-0: Ball 1-0: Ball 2-0: Called Strike 2-1: Ball 3-1: Called Strike 3-2: Base on Balls
|
|
Batting: RHB Ron Johansen
|
0-0: Ball Bradley Barrowcliff steals 3rd base 1-0: Called Strike Enrique Andrade steals 2nd base 1-1: Ball 2-1: Ball 3-1: Ground out 1-3 (Groundball, 13S, EV 66.9 MPH)
|
|
Batting: RHB Jerry Castro
|
0-0: Ball 1-0: Ball 2-0: Called Strike 2-1: Foul Ball, location: 2F 2-2: Foul Ball, location: 2F 2-2: Foul Ball, location: 2F 2-2: DOUBLE (Line Drive, 9LM, EV 109.4 MPH) Bradley Barrowcliff scores Enrique Andrade scores
|
|
Batting: RHB Ben Alspach
|
0-0: Swinging Strike 0-1: Foul Ball, location: 2F 0-2: Ball 1-2: Ball 2-2: Foul Ball, location: 2F 2-2: Ball 3-2: Strikes out swinging
|
| Top of the 6th over - 3 runs, 3 hits, 0 errors, 1 left on base; Albuquerque 5 - Colorado Springs 3 |
| BOTTOM OF THE 6TH |
|
Colorado Springs Sky Sox batting - Pitching for Albuquerque Isotopes : LHP Drew Huckeba
|
|
Batting: RHB Fu-Kang Duan
|
0-0: Ball 1-0: DOUBLE (Groundball, 5L, EV 104.4 MPH)
|
|
Batting: RHB R.J. Anchondo
|
0-0: Called Strike 0-1: Reached on error, E6 (Groundball, 6, EV 104.4 MPH) Fu-Kang Duan to third
|
|
Batting: LHB Dave Doughty
|
0-0: Ball 1-0: Ball 2-0: Called Strike 2-1: Fly out, F7 (Flyball, 7, EV 85.0 MPH)
|
|
Batting: RHB Dwane Reed
|
0-0: Ball 1-0: Ball 2-0: Called Strike 2-1: Ball 3-1: Base on Balls R.J. Anchondo to second
|
|
Batting: RHB Enrique Vazquez
|
0-0: Called Strike 0-1: Ball 1-1: Ball 2-1: Swinging Strike 2-2: Ball 3-2: Strikes out looking
|
|
Batting: RHB Kennet Strijbis
|
0-0: Ground out U3 (Groundball, 34S, EV 85.6 MPH)
|
| Bottom of the 6th over - 0 runs, 1 hit, 1 error, 3 left on base; Albuquerque 5 - Colorado Springs 3 |
| TOP OF THE 7TH |
|
Albuquerque Isotopes batting - Pitching for Colorado Springs Sky Sox : RHP Dustin Deemer
|
|
Pitching: LHP Jim McCutcheon
|
|
|
Batting: LHB Tony Morales
|
0-0: Called Strike 0-1: Called Strike 0-2: Ball 1-2: Ball 2-2: Ball 3-2: Reached on error, E6 (Groundball, 56, EV 81.3 MPH)
|
|
Batting: SHB Pat Wilson
|
0-0: Ball 1-0: Ball 2-0: Bunt missed! 2-1: Ball 3-1: Sac Bunt to 13 - play at first, batter OUT! 1-4 Tony Morales to second
|
|
Batting: LHB Katsunan Akimoto
|
0-0: Called Strike 0-1: Ball Tony Morales steals 3rd, throwing error, E2 Tony Morales scores 1-1: Foul Ball, location: 2F 1-2: Ball 2-2: Ball 3-2: Strikes out looking
|
|
Batting: LHB Tetsuya Oba
|
0-0: Ball 1-0: Foul Ball, location: 2F 1-1: Ball 2-1: Fly out, F4 (Popup, 4, EV 60.6 MPH)
|
| Top of the 7th over - 1 run, 0 hits, 2 errors, 0 left on base; Albuquerque 6 - Colorado Springs 3 |
| BOTTOM OF THE 7TH |
|
Colorado Springs Sky Sox batting - Pitching for Albuquerque Isotopes : LHP Drew Huckeba
|
|
Batting: RHB Orlando Fernandez
|
0-0: Ball 1-0: Ball 2-0: Ground out 1-3 (Groundball, 15S, EV 73.8 MPH)
|
|
Batting: RHB John Michener
|
0-0: Reached on error, E6 (Groundball, 6, EV 95.6 MPH)
|
|
Batting: LHB Koson Hirai
|
0-0: Ball 1-0: Called Strike 1-1: Ball 2-1: Fielders Choice at 2nd, U6 (Groundball, 4MS, EV 86.9 MPH)
|
|
Pitching: LHP Tyler Adams
|
|
|
Batting: RHB Fu-Kang Duan
|
0-0: Swinging Strike 0-1: Ball 1-1: Called Strike 1-2: Ball 2-2: Ball 3-2: Base on Balls Koson Hirai to second
|
|
Batting: RHB R.J. Anchondo
|
0-0: Ball 1-0: Called Strike 1-1: Ball 2-1: Swinging Strike 2-2: Foul Ball, location: 2F 2-2: Ball 3-2: Foul Ball, location: 2F 3-2: Ground out 5-3 (Groundball, 5, EV 83.8 MPH)
|
| Bottom of the 7th over - 0 runs, 0 hits, 1 error, 2 left on base; Albuquerque 6 - Colorado Springs 3 |
| TOP OF THE 8TH |
|
Albuquerque Isotopes batting - Pitching for Colorado Springs Sky Sox : LHP Jim McCutcheon
|
|
Batting: SHB Bradley Barrowcliff
|
0-0: Foul Ball, location: 2F 0-1: Ball 1-1: Swinging Strike 1-2: Ball 2-2: Strikes out swinging
|
|
Batting: LHB Enrique Andrade
|
0-0: SINGLE (Groundball, 4M, EV 90.6 MPH) (infield hit)
|
|
Batting: RHB Ron Johansen
|
0-0: Ball 1-0: Called Strike 1-1: Called Strike 1-2: Foul Ball, location: 2F 1-2: TRIPLE (Line Drive, 78XD, EV 113.1 MPH) Enrique Andrade scores
|
|
Batting: RHB Jerry Castro
|
0-0: Called Strike 0-1: Ball 1-1: Ball 2-1: Fly out, F8 (Flyball, 8LXD, EV 89.4 MPH) Runner from 3rd tags up, SCORES, no throw by CF
|
|
Batting: RHB Ben Alspach
|
0-0: Foul Ball, location: 2F 0-1: Called Strike 0-2: Foul Ball, location: 2F 0-2: Ball 1-2: Strikes out swinging
|
| Top of the 8th over - 2 runs, 2 hits, 0 errors, 0 left on base; Albuquerque 8 - Colorado Springs 3 |
| BOTTOM OF THE 8TH |
|
Colorado Springs Sky Sox batting - Pitching for Albuquerque Isotopes : LHP Tyler Adams
|
|
Batting: LHB Dave Doughty
|
0-0: Ball 1-0: Swinging Strike 1-1: Called Strike 1-2: Strikes out swinging
|
|
Batting: RHB Dwane Reed
|
0-0: Ball 1-0: Ball 2-0: Foul Ball, location: 2F 2-1: Fly out, F5 (Popup, 5SF, EV 87.5 MPH)
|
|
Batting: RHB Enrique Vazquez
|
0-0: Ball 1-0: Called Strike 1-1: Ball 2-1: Ball 3-1: DOUBLE (Groundball, 5L, EV 105.0 MPH)
|
|
Batting: RHB Kennet Strijbis
|
0-0: Ball 1-0: Foul Ball, location: 2F 1-1: Ball 2-1: Ball 3-1: Base on Balls
|
|
Batting: RHB Orlando Fernandez
|
0-0: Ball 1-0: Reached on error, E2 (Groundball, 13S, EV 69.4 MPH) Enrique Vazquez scores Kennet Strijbis to third
|
|
Batting: RHB John Michener
|
0-0: SINGLE (Line Drive, 4M, EV 95.6 MPH) Kennet Strijbis scores Orlando Fernandez to third Runner from 3rd tries for Home, throw by CF and OUT! 8-2
|
| Bottom of the 8th over - 2 runs, 2 hits, 1 error, 1 left on base; Albuquerque 8 - Colorado Springs 5 |
| TOP OF THE 9TH |
|
Albuquerque Isotopes batting - Pitching for Colorado Springs Sky Sox : LHP Jim McCutcheon
|
|
Pitching: RHP Victor Castillo
|
|
|
Batting: LHB Tony Morales
|
0-0: Ball 1-0: Ball 2-0: Ball 3-0: Base on Balls
|
|
Batting: SHB Pat Wilson
|
0-0: Ball Tony Morales steals 2nd base 1-0: Intentional Walk
|
|
Batting: LHB Katsunan Akimoto
|
0-0: Called Strike 0-1: Ball 1-1: Ball 2-1: Called Strike 2-2: Fly out, F6 (Popup, 6M, EV 63.8 MPH)
|
|
Batting: LHB Tetsuya Oba
|
0-0: Ball 1-0: Ball 2-0: Ball 3-0: Called Strike 3-1: Base on Balls Tony Morales to third Pat Wilson to second
|
|
Batting: SHB Bradley Barrowcliff
|
0-0: Ball 1-0: Called Strike 1-1: Foul Ball, location: 2F 1-2: Strikes out swinging
|
|
Batting: LHB Enrique Andrade
|
0-0: Fly out, F4 (Popup, 13, EV 85.6 MPH)
|
| Top of the 9th over - 0 runs, 0 hits, 0 errors, 3 left on base; Albuquerque 8 - Colorado Springs 5 |
| BOTTOM OF THE 9TH |
|
Colorado Springs Sky Sox batting - Pitching for Albuquerque Isotopes : LHP Tyler Adams
|
|
Pitching: RHP Ernie Schmutz
|
|
|
Batting: LHB Koson Hirai
|
0-0: Ball 1-0: Ground out 6-3 (Groundball, 6, EV 83.8 MPH)
|
|
Batting: RHB Fu-Kang Duan
|
0-0: Ball 1-0: Ground out 6-3 (Groundball, 56, EV 90.0 MPH)
|
|
Batting: RHB R.J. Anchondo
|
0-0: Ground out 4-3 (Groundball, 4, EV 83.1 MPH)
|
| Bottom of the 9th over - 0 runs, 0 hits, 0 errors, 0 left on base; Albuquerque 8 - Colorado Springs 5 |
|